Match 42225391
Unlisted

Match 42225391
End
Kettenkrad Recon Vehicle
Construct Infanterie Kompanie
MG 42 Machine Gun Team
Grenadier Squad
Grenadier Squad
Construct Luftwaffe Kompanie
Jäger Squad
Selects Italian Coastal Battlegroup
Selects Coastal Reserves
Selects Artillery Officer
Artillery Officer
Grenadier Squad
Selects Support Bunkers
Construct Panzergrenadier Kompanie
Pak 40 Anti-tank Gun Team
Medical Bunker
Jäger Squad
Jäger Squad
Luftwaffe Officer Quarters
Selects Obice da 210/22 Artillery Emplacement
[HAN]Diederick Kastner
宝多六花
宇杰
帝国の突撃隊
Arnein
August von Parseval
harkharklee
KIKYOU_MY_WIFE
0
0

Comments sign in to comment!

No comments posted yet!